 Dungeon Crawl Stone Soup version 0.14.0-24-gfb45beb (webtiles) character file.

2431 Infinimo the Archer (level 9, 0/53 HPs)
             Began as a High Elf Hunter on Apr 22, 2014.
             Was a Follower of Cheibriados.
             Killed from afar by Psyche (6 damage)
             ... with a magic dart
             ... on Level 8 of the Dungeon.
             The game lasted 00:20:52 (8962 turns).

Infinimo the Archer (High Elf Hunter)               Turns: 8962, Time: 00:20:53

HP   0/53        AC 11     Str 14      XL: 9   Next:  8%
MP  15/15        EV  8     Int 18      God: Cheibriados [*.....]
Gold 307         SH  0     Dex 20      Spells:  0 memorised,  8 levels left

rFire  . . .     SeeInvis .     b - +2,+1 bow
rCold  . . .     Clarity  .     n - +0 scale mail
rNeg   . . .     Conserve .     (no shield)
rPois  .         rCorr    .     i - +0 helmet
rElec  .         rRot     .     q - +0 cloak
SustAb . .       Spirit   .     (no gloves)
rMut   .         Warding  .     j - +2 pair of boots
Saprov . . .     Stasis   .     (no amulet)
MR     .....                    (no ring)
                                (no ring)

@: lethally poisoned, very slow, not resistant to hostile enchantments,
unstealthy
A: no striking features
a: Bend Time, Renounce Religion


You were on level 8 of the Dungeon.
You worshipped Cheibriados.
Cheibriados was aware of your devotion.
You were not hungry.

You visited 2 branches of the dungeon, and saw 9 of its levels.

You collected 307 gold pieces.

Inventory:

Hand weapons
 b - a +2,+1 bow (weapon)
 r - a +1,+2 dagger of protection
Missiles
 c - 60 arrows (quivered)
 g - 14 arrows of frost
 A - 16 arrows of flame
Armour
 i - a +0 helmet (worn)
 j - a +2 pair of boots (worn)
 n - a +0 scale mail (worn)
 q - a +0 cloak (worn)
Magical devices
 p - a wand of magic darts (12)
 v - a wand of slowing (24)
 y - a wand of disintegration (12)
Comestibles
 d - a lemon
 f - 6 bread rations
 m - an apple
Scrolls
 a - 3 scrolls of enchant armour
 e - 3 scrolls of identify
 h - 3 scrolls of remove curse
 t - 3 scrolls of enchant weapon II
 u - a scroll of fear
Potions
 l - 2 potions of might
 s - a potion of curing
 w - a potion of porridge
 x - a potion of restore abilities {unknown}
 z - a potion of resistance {unknown}
 B - a potion of haste {unknown}
 C - a potion of flight {unknown}


   Skills:
 - Level 1.0 Fighting
 + Level 7.8 Short Blades
 * Level 12.9 Bows
 - Level 2.1 Dodging
 - Level 4.0 Stealth


You had 8 spell levels left.
You didn't know any spells.

Dungeon Overview and Level Annotations

Branches:
Dungeon (8/15)             Temple (1/1) D:6
   Lair: D:8-11

Altars:
Ashenzari
Cheibriados
Dithmenos
Elyvilon
Fedhas
Kikubaaqudgha
Makhleb
Nemelex Xobeh
Okawaru
Trog
Vehumet
Xom
Yredelemnul
Zin
The Shining One

Shops:
D:4 %

Annotations:
D:8 Psyche


Message History

Aim: Psyche, wielding a glowing dagger and wearing a robe (severely wounded)
You shoot an arrow. The arrow hits Psyche.
Psyche is severely wounded.
Psyche hits you with a glowing dagger.
* * * LOW HITPOINT WARNING * * *
Space bends around you.
* * * LOW HITPOINT WARNING * * *
Firing (i - inventory. (,) - cycle):
c - 62 arrows (quivered)
Press: ? - help, Shift-Dir - straight line, f/p - Psyche
Aim: Psyche, wielding a dagger of chaos and wearing a robe (severely wounded)
You shoot an arrow. The arrow hits Psyche.
Psyche is severely wounded.
Psyche barely misses you.
Firing (i - inventory. (,) - cycle):
c - 61 arrows (quivered)
Press: ? - help, Shift-Dir - straight line, f/p - Psyche
Aim: Psyche, wielding a dagger of chaos and wearing a robe (severely wounded)
You shoot an arrow. The arrow misses Psyche.
Psyche points at you and mumbles some strange words.
The magic dart hits you!
You die...

#......
...k.
...
#'##
#((#
##%#
###(###
#...@.#
#....@#
#(.%<.#
#.....#
#.....#
+.....#
#.....#
####+##


You could see Psyche.

Vanquished Creatures
  Grinder (D:6)
  Menkaure (D:6)
  2 sky beasts
  An ogre (D:4)
  4 giant frogs
  A water moccasin skeleton (D:5)
  A hippogriff zombie (D:6)
  2 scorpions (D:7)
  3 killer bees (D:8)
  A jelly (D:5)
  A centaur zombie (D:5)
  2 crimson imps
  Crazy Yiuf (D:3)
  An orc priest (D:3)
  4 hounds
  3 orc wizards
  A centaur skeleton (D:4)
  3 iguanas
  5 worker ants
  A sky beast zombie (D:5)
  A hound zombie (D:5)
  A worker ant zombie (D:5)
  5 gnolls (D:7)
  A scorpion zombie (D:5)
  11 adders
  An inept feature mimic (D:7)
  2 worms (D:6)
  A giant gecko (D:1)
  2 oozes
  7 orcs
  11 bats
  12 hobgoblins
  3 jackals
  14 kobolds
  3 quokkas
  2 ball pythons
  6 giant cockroaches
  A giant gecko skeleton (D:5)
  7 giant newts
  9 goblins
  A goblin skeleton (D:5)
  A hobgoblin skeleton (D:4)
  2 kobold zombies
  An orc skeleton (D:5)
  2 orc zombies
  A quokka zombie (D:5)
  7 rats
154 creatures vanquished.

Notes
Turn   | Place    | Note
--------------------------------------------------------------
     0 | D:1      | Infinimo, the High Elf Hunter, began the quest for the Orb.
     0 | D:1      | Reached XP level 1. HP: 13/13 MP: 2/2
   362 | D:1      | Reached skill level 1 in Short Blades
   549 | D:1      | Reached XP level 2. HP: 12/18 MP: 3/3
  1781 | D:2      | Found a radiant altar of Vehumet.
  1796 | D:2      | Reached XP level 3. HP: 19/23 MP: 5/5
  1875 | D:2      | Reached skill level 6 in Bows
  2722 | D:3      | Reached XP level 4. HP: 28/28 MP: 7/7
  2732 | D:3      | Found an iron altar of Okawaru.
  3262 | D:3      | Noticed Crazy Yiuf
  3272 | D:3      | Killed Crazy Yiuf
  3515 | D:3      | Reached skill level 7 in Bows
  3515 | D:3      | Reached XP level 5. HP: 25/33 MP: 8/8
  3998 | D:4      | Reached XP level 6. HP: 33/38 MP: 10/10
  4440 | D:4      | Reached skill level 8 in Bows
  4762 | D:4      | Found Brioshuacs' Food Boutique.
  4762 | D:4      | Noticed an ogre
  4769 | D:4      | Killed an ogre
  4997 | D:4      | Found a burning altar of Makhleb.
  5217 | D:5      | Entered Level 5 of the Dungeon
  5476 | D:5      | Reached skill level 9 in Bows
  5476 | D:5      | Reached XP level 7. HP: 19/43 MP: 12/12
  6674 | D:5      | Reached skill level 5 in Short Blades
  6964 | D:6      | Reached skill level 10 in Bows
  6982 | D:6      | Noticed Grinder
  6988 | D:6      | Killed Grinder
  6988 | D:6      | Reached XP level 8. HP: 46/48 MP: 13/13
  7052 | D:6      | Found a staircase to the Ecumenical Temple.
  7067 | Temple   | Entered the Ecumenical Temple
  7420 | D:6      | Noticed Menkaure
  7435 | D:6      | Killed Menkaure
  7435 | D:6      | Reached skill level 11 in Bows
  7836 | D:6      | Found a snail-covered altar of Cheibriados.
  7857 | D:6      | Became a worshipper of Cheibriados the Contemplative
  8321 | D:7      | Found a basalt altar of Yredelemnul.
  8450 | D:7      | Reached skill level 12 in Bows
  8543 | D:7      | Found a blossoming altar of Fedhas.
  8742 | D:7      | Paralysed by a gnoll for 4 turns
  8751 | D:7      | Found a shimmering altar of Xom.
  8922 | D:8      | Reached XP level 9. HP: 41/53 MP: 15/15
  8955 | D:8      | Noticed Psyche
  8962 | D:8      | Killed from afar by Psyche

Action                   |  1- 3 |  4- 6 |  7- 9 || total
-------------------------+-------+-------+-------++-------
Melee: Short sword       |   118 |   193 |    48 ||   359
       Dagger            |       |       |   626 ||   626
 Fire: Bow               |    15 |    64 |    83 ||   162
Evoke: Wand              |       |       |     1 ||     1
  Use: Scroll            |     1 |     8 |     9 ||    18
       Potion            |       |     2 |     2 ||     4
 Stab: Sleeping          |     1 |     1 |       ||     2
